Map: Base du roi Sejong EC

Players

Kamiro

  • Race: Zerg Zerg
  • League: Silver
  • Spawn Location: 11:00

zidar - Winner!

  • Race: Zerg Zerg
  • Spawn Location: 5:00

VOD

Have the link to the VOD?

Description

Time

  • Played on: June 20, 2016, 10:34 a.m.
  • Length: 6:06
Show
View Real Time Build Order
Export as new Build Order

Kamiro Zerg 

Build Orders: Hatch First 

Get SALT Encoding   

  12  0:00  Drone  
  13  0:12  Overlord  
  13  0:18  Drone  
  14  0:31  Drone x2  
  16  0:37  Drone  
  17  0:54  Hatchery  
  16  0:57  Drone  
  16  0:59  Drone  
  18  1:05  Extractor  
  17  1:16  Spawning Pool  
  16  1:22  Drone  
  16  1:24  Drone  
  18  1:35  Drone  
  19  1:40  Overlord  
  19  2:04  Queen  
  19  2:06  Zergling x6  
  19  2:07  Queen  
  26  2:13  Drone  
  27  2:18  Drone  
  27  2:22  Drone  
  29  2:27  Metabolic Boost  
  29  2:29  Drone  
  30  2:41  Queen  
  32  2:45  Drone  
  32  2:47  Overlord  
  32  2:50  Overlord  
  33  2:54  Drone  
  33  2:56  Drone  
  35  3:08  Zergling x4  
  34  3:18  Zergling x2  
  34  3:19  Zergling x6  
  32  3:20  Zergling x4  
  32  3:21  Zergling x2  
  33  3:28  Zergling x2  
  33  3:29  Zergling x2  
  29  3:39  Zergling x2  
  20  3:46  Zergling x2  
  19  3:55  Drone  
  19  3:58  Drone  
  19  4:09  Zergling x2  
  19  4:12  Drone  
  18  4:31  Queen  
  20  4:46  Drone x3  
  23  4:58  Drone x2  
  25  5:02  Drone  
  25  5:07  Drone  
  27  5:12  Drone  
  28  5:19  Drone x2  
  30  5:22  Drone  
  29  5:33  Zergling x6  
  23  5:38  Zergling x2  
Show
View Real Time Build Order
Export as new Build Order

zidar Zerg - Winner!

Build Orders: Pool First 

Get SALT Encoding   

  12  0:01  Drone  
  13  0:09  Extractor  
  13  0:11  Drone  
  13  0:30  Spawning Pool  
  12  0:40  Overlord  
  12  1:17  Queen, Metabolic Boost  
  14  1:19  Zergling x2  
  14  1:20  Zergling x2  
  14  1:24  Zergling x2  
  17  1:33  Overlord  
  17  1:44  Zergling x2  
  18  1:57  Zergling x2  
  19  2:05  Zergling x2  
  20  2:14  Zergling x2  
  21  2:24  Zergling x2  
  21  2:27  Zergling x6  
  25  2:41  Zergling x2  
  26  3:02  Hatchery  
  23  3:30  Zergling x2  
  23  3:31  Zergling x8  
  19  4:14  Zergling x6  
  20  4:29  Zergling x2  
  17  4:39  Zergling x10  
  17  4:40  Zergling x2  
  23  4:46  Queen  
  23  4:48  Overlord  
  23  4:51  Zergling x2  
  26  4:59  Zergling x2  
  27  5:16  Zergling x12  
  31  5:38  Zergling x8  
Tags
 
Add a new tag
Caveats
  • Supply blocks, unpowered buildings, or Contaminate may cause inaccurate times.
  • Supply counts are checked every 10 seconds.